[Event "*** SCC Grand Prix: Titled Tuesday Blitz"]
[Site "Chess.com"]
[Date "2020.10.13"]
[Round "9"]
[White "orestn"]
[Black "shriyanasmallya"]
[Result "1-0"]
[WhiteElo "2288"]
[BlackElo "1630"]
[TimeControl "180+1"]
[EndTime "11:44:08 PDT"]
[Termination "orestn won by resignation"]

1. e4 e5 2. Nf3 Nc6 3. Bb5 a6 4. Ba4 Nge7 5. O-O g6 6. c3 Bg7 7. d3 d6 8. Re1 Bg4 9. Nbd2 O-O 10. h3 Bd7 11. Nf1 b5 12. Bb3 Be6 13. Ne3 Bxb3 14.
Qxb3 Na5 15. Qc2 f5 16. b4 Nac6 17. Ng5 Qd7 18. Qb3+ Kh8 19. Nf7+ Rxf7 20. Qxf7 Rf8 21. Qb3 fxe4 22. dxe4 Ng8 23. Nd5 Nf6 24. Nxf6 Bxf6 25.
Be3 Bg7 26. a4 Ne7 27. axb5 axb5 28. Red1 Nc6 29. Qd5 Ne7 30. Qb7 h6 31. Ra7 Rc8 32. Ra8 g5 33. Rxc8+ Nxc8 34. Ra1 Nb6 35. Bxb6 Kh7 36.
Qxc7 Qe6 37. Ra7 Qg6 38. Qf7 h5 39. Qxg6+ Kxg6 40. Be3 g4 41. hxg4 hxg4 42. Rb7 Bf6 43. Rxb5 Bg5 44. Bxg5 Kxg5 45. g3 Kf6 46. Kf1 Ke6 47.
Ke2 Kd7 48. Rb7+ Kc6 49. Rg7 1-0

[Event "*** SCC Grand Prix: Titled Tuesday Blitz"]
[Site "Chess.com"]
[Date "2020.10.13"]
[Round "9"]
[White "A-S-00"]
[Black "zverr1"]
[Result "1/2-1/2"]
[WhiteElo "2266"]
[BlackElo "2397"]
[TimeControl "180+1"]
[EndTime "11:44:09 PDT"]
[Termination "Game drawn by agreement"]

1. d4 Nf6 2. Nf3 g6 3. c4 Bg7 4.
Nc3 O-O 5. e4 d6 6. Be2 e5 7.
dxe5 dxe5 8. Qxd8 Rxd8 9. Bg5 Rf8 10. Nxe5 Nxe4 11. Nxe4 Bxe5 12. O-O-O Bf5 13. Be7 Re8 14. Nf6+ Bxf6 15. Bxf6 Nd7 16. Rxd7 Bxd7 17. Bf3 Bc6 18. Bxc6 bxc6 19. Rd1 Re6 20. Bc3 Rd6 21. Re1 Rad8 22. Re7 R6d7 23. Re2 h6 24. Kc2 Kh7 25. Re5 Rd6 26. Ra5 Re8 27. Be5 Rde6 28. f4 f6 29.
Bc3 Re2+ 30. Kb3 Rxg2 31. Rxa7 Re7 32. Bxf6 Rf7 33. Be5 Rxh2 34. a4 g5 35. fxg5 Rh3+ 36. Kb4 hxg5 37. a5 g4 38. Rxc7 Rxc7 39. Bxc7 g3 40.
Bxg3 Rxg3 41. a6 Rg1 42. Ka5 Ra1+ 43. Kb6 Rb1 44. a7 Rxb2+ 45. Kxc6 Ra2 46. Kb7 Rb2+ 47. Kc7 Ra2 48. Kb8 Rb2+ 1/2-1/2

[Event "*** SCC Grand Prix: Titled Tuesday Blitz"]
[Site "Chess.com"]
[Date "2020.10.13"]
[Round "9"]
[White "Zq1"]
[Black "ftorodent"]
[Result "0-1"]
[WhiteElo "2514"]
[BlackElo "2676"]
[TimeControl "180+1"]
[EndTime "11:44:10 PDT"]
[Termination "ftorodent won by resignation"]

1. d4 d5 2. c4 e6 3. Nc3 Be7 4.
Nf3 Nf6 5. g3 O-O 6. Bg2 dxc4 7.
Ne5 Nc6 8. Bxc6 bxc6 9. Nxc6 Qe8 10. Nxe7+ Qxe7 11. Qa4 c5 12. Qxc4 cxd4 13. Qxd4 Rd8 14. Qh4 Bb7 15. O-O h6 16. Be3 Kh7 17. Rfd1 Bc6 18.
b3 Rab8 19. Rxd8 Rxd8 20. Rc1 Qa3 21. f3 Qb2 22. Kf2 Rc8 23. Nd1 Qxa2 24. Bxh6 Bxf3 25.
Be3+ Bh5 26. g4 Rxc1 27. Bxc1 Nxg4+ 28. Ke1 Nf6 29. Qc4 Qa5+ 30. Bd2 Qe5 31. Bf4 Qf5 32. Ne3 Qh3 33. Kd2 Bg6 34. Be5 Ne4+ 0-1

[Event "*** SCC Grand Prix: Titled Tuesday Blitz"]
[Site "Chess.com"]
[Date "2020.10.13"]
[Round "9"]
[White "elohunter1999"]
[Black "Susal_De_Silva"]
[Result "0-1"]
[WhiteElo "2599"]
[BlackElo "2479"]
[TimeControl "180+1"]
[EndTime "11:44:10 PDT"]
[Termination "Susal_De_Silva won on time"]

1. e4 e5 2. Nf3 Nc6 3. Bb5 a6 4. Ba4 Nf6 5. O-O Be7 6. Re1 b5 7. Bb3 d6 8. c3 O-O 9. h3 Na5 10. Bc2 c5 11. d4 Nd7 12. Nbd2 exd4 13. cxd4 Nc6 14. d5 Nce5 15. Nxe5 Nxe5 16. a4 b4 17. f4 Ng6 18. Nf3 Bh4 19. Rf1 Bg3 20.
f5 Ne5 21. Ng5 h6 22. f6 hxg5 23. Bxg5 g6 24. Rf3 Nxf3+ 25. Qxf3 Be5 26. Rf1 Kh7 27. h4 Bd4+ 28. Kh2 Rh8 29. g3 Kg8 30. Kg2 Qd7 31.
Rh1 Qg4 32. Qf1 b3 33. Bd3 Bb7 34. Bf4 Be5 35. Be2 Qd7 36. Bg5 Qxa4 37. h5 Qxe4+ 38. Bf3 Qd4 39. hxg6 Qxb2+ 0-1

[Event "*** SCC Grand Prix: Titled Tuesday Blitz"]
[Site "Chess.com"]
[Date "2020.10.13"]
[Round "9"]
[White "CheckThis4"]
[Black "HrvojeZagreb"]
[Result "1/2-1/2"]
[WhiteElo "2575"]
[BlackElo "2192"]
[TimeControl "180+1"]
[EndTime "11:44:10 PDT"]
[Termination "Game drawn by repetition"]

1. d4 e6 2. Nf3 f5 3. g3 Nf6 4. Bg2 Be7 5. O-O O-O 6. c4 d6 7.
Nc3 Ne4 8. Nd2 Nxc3 9. bxc3 e5 10. Rb1 Nc6 11. e3 f4 12. exf4 exf4 13. Bd5+ Kh8 14. Nf3 Bh3 15. Rxb7 Bxf1 16. Qxf1 Na5 17. Rb2 c6 18. Be4 d5 19. cxd5 cxd5 20. Bd3 fxg3 21. fxg3 Nc4 22. Rf2 Bf6 23. Bxc4 dxc4 24. Qxc4 Rc8 25.
Qd3 Qa5 26. Bd2 Qxa2 27. Kg2 Qc4 28. Qe4 a5 29. h4 a4 30. Kh3 a3 31. Bg5 a2 32.
Bxf6 gxf6 33. Ng5 fxg5 34. Qe5+ Kg8 35. Qxg5+ Kh8 36. Qe5+ Kg8 37. Qg5+ Kh8 38. Qe5+ Kg8 39. Qg5+ 1/2-1/2

[Event "*** SCC Grand Prix: Titled Tuesday Blitz"]
[Site "Chess.com"]
[Date "2020.10.13"]
[Round "9"]
[White "VladaSviridova"]
[Black "KyrgyzFighter"]
[Result "1-0"]
[WhiteElo "2264"]
[BlackElo "2363"]
[TimeControl "180+1"]
[EndTime "11:44:12 PDT"]
[Termination "VladaSviridova won by checkmate"]

1. d4 f5 2. c4 Nf6 3. Nf3 g6 4. g3 Bg7 5. Bg2 O-O 6. O-O d6 7. Nc3 Qe8 8. d5 Na6 9. Rb1 c5 10. dxc6 bxc6 11. b4 Rb8 12. a3 h6 13. Bb2 g5 14. e3 Bb7 15. Nd4 Qc8 16. Qc2 f4 17.
exf4 gxf4 18. Qg6 Qe8 19. Qxe8 Nxe8 20. Ne6 f3 21. Bh3 Rf7 22. Nxg7 Nxg7 23. Ne4 c5 24. Nd2 cxb4 25. axb4 Bc8 26. Bxc8 Rxc8 27. b5 Nc5 28. Bd4 e5 29. Bxc5 Rxc5 30. Ne4 Rcc7 31. Nxd6 Rfd7 32.
Rfd1 Ne6 33. Rd5 Rxc4 34. Re1 Nd4 35. h4 Ne2+ 36. Kh2 Rd4 37. Rxd4 exd4 38. Ne4 d3 39.
Nf6+ Kf7 40. Nxd7 Ke6 41. Nc5+ Kd5 42. Nxd3 Kc4 43. Nf4 Nxf4 44. gxf4 Kxb5 45. Ra1 a5 46. f5 a4 47. f6 a3 48. f7 a2 49. f8=Q Kc4 50. Rxa2 Kd3 51. Qxf3+ Kc4 52. Re2 Kb5 53. Re4 Kc6 54. Qf5 Kd6 55. Re6+ Kc7 56. Qf7+ Kd8 57. Re8# 1-0

[Event "*** SCC Grand Prix: Titled Tuesday Blitz"]
[Site "Chess.com"]
[Date "2020.10.13"]
[Round "9"]
[White "Denis_Makhnyov"]
[Black "PavelShkapenko"]
[Result "1-0"]
[WhiteElo "2887"]
[BlackElo "2732"]
[TimeControl "180+1"]
[EndTime "11:44:15 PDT"]
[Termination "Denis_Makhnyov won by resignation"]

1. d4 Nf6 2. c4 e6 3. g3 Bb4+ 4. Bd2 Qe7 5. Bg2 Nc6 6. Nf3 Bxd2+ 7. Nbxd2 d6 8. O-O a5 9. e4 e5 10. d5 Nb8 11. Ne1 O-O 12. b3 Na6 13. a3 Bg4 14. f3 Bd7 15. Nd3 c6 16. dxc6 bxc6 17. Qe2 Nc7 18. c5 Ne6 19. cxd6 Qxd6 20. Nc4 Qd4+ 21. Kh1 a4 22. Ndxe5 axb3 23. Rad1 Qa7 24. Qb2 Rab8 25. f4 Rfd8 26. Nd6 Rf8 27. Nf5 Rbd8 28. Ne7+ Kh8 29. N7xc6 Bxc6 30. Nxc6 Qa4 31. Nxd8 Nxd8 32. e5 Ng4 33. Rd4 Qb5 34. Rb4 Qc5 35. Rxb3 h5 36.
h3 Nh6 37. Rc1 Qe7 38. Rb8 Nf5 39. Kh2 Kg8 40. Rcc8 Ne6 41. Rxf8+ Nxf8 42. Qb4 h4 43. g4 1-0

[Event "*** SCC Grand Prix: Titled Tuesday Blitz"]
[Site "Chess.com"]
[Date "2020.10.13"]
[Round "9"]
[White "midedu"]
[Black "Mbneu"]
[Result "0-1"]
[WhiteElo "2098"]
[BlackElo "2243"]
[TimeControl "180+1"]
[EndTime "11:44:17 PDT"]
[Termination "Mbneu won on time"]

1. e4 c5 2. Nc3 a6 3. g3 b5 4. Bg2 Bb7 5. Nge2 e6 6. O-O Nf6 7. d3 Be7 8. f4 d5 9. e5 Nfd7 10. h3 g6 11. Kh2 Qc7 12. Ng1 b4 13. Nce2 d4 14. Nf3 Nb6 15. c4 dxc3 16. bxc3 Nc6 17. a3 a5 18. d4 O-O 19. dxc5 Bxc5 20. axb4 axb4 21. Rxa8 Rxa8 22. cxb4 Nxb4 23. Nc3 Rd8 24. Qb3 Bd5 25. Nxd5 N6xd5 26. Ng5 Qa7 27. Ne4 Be7 28. Rd1 Qa2 29. Qxa2 Nxa2 30. Bb2 Rb8 31. Rd2 Rb3 32. Nd6 Nab4 33. h4 h5 0-1

[Event "*** SCC Grand Prix: Titled Tuesday Blitz"]
[Site "Chess.com"]
[Date "2020.10.13"]
[Round "9"]
[White "IvanSoriano1"]
[Black "Kildepiotr"]
[Result "1/2-1/2"]
[WhiteElo "2514"]
[BlackElo "2653"]
[TimeControl "180+1"]
[EndTime "11:44:18 PDT"]
[Termination "Game drawn by repetition"]

1. e4 g6 2. d4 Bg7 3. Nc3 c6 4. Nf3 d6 5. h3 Nf6 6. Bd3 O-O 7. O-O Nbd7 8. e5 dxe5 9. dxe5 Nd5 10. Nxd5 cxd5 11. Re1 Nc5 12. Nd4 e6 13. Bf4 Bd7 14. Qd2 Qb6 15. c3 Nxd3 16. Qxd3 Qxb2 17. Reb1 Qa3 18.
Rxb7 Bc8 19. Rb3 Qa4 20. Qd2 Ba6 21. Bh6 Rfb8 22. Rab1 Rxb3 23. axb3 Qa3 24. Bxg7 Kxg7 25. Qf4 Qe7 26. Ra1 Bd3 27. Nc6 Qc7 28. Qf6+ Kg8 29.
Ne7+ Kf8 30. Qh8+ Kxe7 31. Qxa8 a6 32. c4 Qxe5 33. Qxa6 dxc4 34. bxc4 Bxc4 35. Qb7+ Kf6 36. Ra3 Bd5 37. Qb4 Kg7 38. Qc3 Kf6 39. Qxe5+ Kxe5 40. Ra7 Kf6 41. Kh2 h5 42. Kg3 e5 43. Ra6+ Kf5 44. h4 Be6 45. Ra5 Kf6 46. Kf3 Kf5 47. Ke3 Bd7 48. Ra7 Be6 49. Ra5 f6 50. f3 Bd7 51.
Ra6 g5 52. hxg5 fxg5 53. Rh6 h4 54. Rh8 Bc6 55. Rf8+ Ke6 56. Rg8 Kf5 57. Rf8+ Ke6 58. Rg8 Kf5 59. Rf8+ 1/2-1/2

[Event "*** SCC Grand Prix: Titled Tuesday Blitz"]
[Site "Chess.com"]
[Date "2020.10.13"]
[Round "9"]
[White "WonderChampion"]
[Black "MariaFominykh"]
[Result "0-1"]
[WhiteElo "2041"]
[BlackElo "2303"]
[TimeControl "180+1"]
[EndTime "11:44:19 PDT"]
[Termination "MariaFominykh won by resignation"]

1. d4 d6 2. Nf3 Nf6 3. c4 g6 4. Nc3 Bg7 5. Bg5 Nbd7 6. e3 c5 7. Be2 h6 8. Bxf6 Nxf6 9. O-O O-O 10. Re1 cxd4 11. exd4 d5 12. Rc1 dxc4 13. Bxc4 Bg4 14. Be2 Nd5 15. h3 Be6 16. Nd2 Bxd4 17. Nb3 Bxc3 18.
bxc3 Nf4 19. Bf3 Nd3 20. Nd4 Bc4 21. Bxb7 Nxe1 22. Qxe1 Qd6 23. Bxa8 Rxa8 24. Rd1 Rd8 25. Rb1 Bxa2 26. Ra1 Bc4 27. Rxa7 e5 28. Nf3 Qd1 29. Ra1 Qxe1+ 30. Rxe1 f6 31. Re3 Rd1+ 32. Kh2 Kf7 33.
h4 Ke6 34. g3 Rd3 35. Kg2 Kd5 36. Ne1 Rxe3 37. fxe3 Bb3 38. Kf2 Kc4 39. Nf3 Kxc3 40.
Nh2 Be6 41. Kf3 Kd3 42. Nf1 g5 43. hxg5 hxg5 44. Nh2 e4+ 45. Kf2 Bh3 46. g4 Kd2 47. Kg3 Kxe3 48. Kxh3 Kf2 49. Nf1 Kxf1 50. Kg3 e3 51.
Kf3 e2 0-1

[Event "*** SCC Grand Prix: Titled Tuesday Blitz"]
[Site "Chess.com"]
[Date "2020.10.13"]
[Round "9"]
[White "tteshan"]
[Black "Lion-Al-Messi"]
[Result "0-1"]
[WhiteElo "2378"]
[BlackElo "2543"]
[TimeControl "180+1"]
[EndTime "11:44:21 PDT"]
[Termination "Lion-Al-Messi won on time"]

1. e4 b6 2. a4 Bb7 3. Nc3 e6 4. a5 bxa5 5. Rxa5 Nc6 6. Ra1 Nf6 7. d4 Bb4 8. Bg5 h6 9. Bxf6 Qxf6 10. Nf3 O-O 11. Be2 Bxc3+ 12. bxc3 Qg6 13. Qd3 a5 14. O-O Ba6 15. Qe3 Bxe2 16. Qxe2 Rfb8 17. Ra4 d5 18.
exd5 exd5 19. c4 Rb2 20. cxd5 Rxc2 21. Qb5 Rb8 22. Qa6 Nxd4 23. Qxg6 Ne2+ 24. Kh1 fxg6 25.
Rxa5 Rb4 26. h3 Rbb2 27. Ra6 Nf4 28. Kg1 Nd3 29. Rxg6 Nxf2 30. Rc6 Re2 31. Rxc7 Ne4 32. Rc8+ Kh7 33. Nh4 Ng3 34. Rff8 Re1+ 35. Kh2 Nf1+ 36.
Rxf1 Rxf1 37. d6 Rd2 38. Rd8 Rf6 39. d7 Rf7 40. Kg3 Rd3+ 0-1

[Event "*** SCC Grand Prix: Titled Tuesday Blitz"]
[Site "Chess.com"]
[Date "2020.10.13"]
[Round "9"]
[White "Flopezin"]
[Black "WuinaterJr"]
[Result "0-1"]
[WhiteElo "2359"]
[BlackElo "2523"]
[TimeControl "180+1"]
[EndTime "11:44:23 PDT"]
[Termination "WuinaterJr won by resignation"]

1. c4 c5 2. Nf3 Nc6 3. g3 e5 4. Nc3 d6 5. Bg2 g6 6. e3 Bg7 7. O-O Nge7 8. b3 O-O 9. Bb2 a6 10. Nd5 Nxd5 11. cxd5 Ne7 12. d4 cxd4 13. exd4 e4 14.
Ng5 f5 15. Ne6 Bxe6 16. dxe6 d5 17. Ba3 Rf6 18. Rc1 Rxe6 19. Qd2 Nc6 20. Bb2 Qe7 21.
Rc5 Rd8 22. Rfc1 Qf8 23. Bf1 Bh6 24. Qc2 Bxc1 25. Qxc1 Ne7 26. Rc7 Rc6 27. Rxc6 Nxc6 28. Ba3 Qf6 29. Bc5 Nxd4 30. b4 Nf3+ 31. Kh1 b6 32. Be3 b5 33. Bc5 d4 34. a4 d3 35. axb5 axb5 36. Be3 d2 37. Qd1 Qc6 38.
Kg2 h5 39. Bh6 Kh7 40. Bf4 Ne1+ 41. Kh3 Qc2 42. Qa1 d1=Q 43. Qa7+ Rd7 0-1

[Event "*** SCC Grand Prix: Titled Tuesday Blitz"]
[Site "Chess.com"]
[Date "2020.10.13"]
[Round "9"]
[White "Pavalamalli"]
[Black "szachuspl"]
[Result "1/2-1/2"]
[WhiteElo "2303"]
[BlackElo "2528"]
[TimeControl "180+1"]
[EndTime "11:44:23 PDT"]
[Termination "Game drawn - insufficient material"]

1. e4 c5 2. Nf3 e6 3. d4 cxd4 4. Nxd4 Nc6 5. Nc3 Qc7 6. Be3 a6 7. Qd2 Nf6 8. f3 Bb4 9. O-O-O Ne5 10. g4 h6 11. h4 d5 12. g5 hxg5 13. Bxg5 dxe4 14.
Bxf6 gxf6 15. fxe4 Bxc3 16. Qxc3 Qxc3 17. bxc3 Bd7 18.
Be2 Rc8 19. Kb2 Ke7 20. Nf3 Nc4+ 21. Bxc4 Rxc4 22. Rd4 Rhc8 23. Rxc4 Rxc4 24. h5 Rc8 25. h6 Bc6 26. Rh4 Rh8 27. Nd4 Bd7 28. c4 f5 29.
exf5 e5 30. Nf3 Kf6 31. Re4 Bc6 32. Re3 Bxf3 33. Rxf3 Rxh6 34. Rb3 Kxf5 35. Rxb7 f6 36. c5 Ke6 37. Rb6+ Kd5 38. Rxa6 Kxc5 39. a4 e4 40. Kc3 Rh3+ 41. Kd2 f5 42. Rf6 Rf3 43. a5 Kd4 44. Rd6+ Ke5 45. Rh6 Ra3 46. a6 Ra2 47. Kd1 f4 48.
Kd2 e3+ 49. Kd3 Ra3+ 50. Ke2 Ke4 51. Re6+ Kf5 52. Rc6 Ke5 53. Kf3 Ra1 54. Rc4 Rf1+ 55. Ke2 Rf2+ 56. Ke1 Rh2 57. a7 Rh1+ 58. Ke2 Ra1 59.
Kf3 e2 60. Kxe2 Rxa7 61. Kf3 Ra3+ 62. c3 Rb3 63. Re4+ Kd5 64. Rxf4 Rxc3+ 65. Kg4 Rc4 66.
Rxc4 Kxc4 1/2-1/2

[Event "*** SCC Grand Prix: Titled Tuesday Blitz"]
[Site "Chess.com"]
[Date "2020.10.13"]
[Round "9"]
[White "LiamVrolijk"]
[Black "Korchmar_Vasiliy"]
[Result "1-0"]
[WhiteElo "2849"]
[BlackElo "2597"]
[TimeControl "180+1"]
[EndTime "11:44:24 PDT"]
[Termination "LiamVrolijk won on time"]

1. d4 d5 2. c4 c6 3. Nf3 Nf6 4. Nc3 a6 5. c5 Bf5 6. Qb3 Qc8 7. Nh4 Be6 8. Bf4 g6 9. h3 Bg7 10. e3 Ne4 11. Qc2 f5 12. Nf3 Nd7 13. Be2 O-O 14. O-O h6 15. Bh2 Bf7 16. b4 Re8 17. Ne5 Nxe5 18. Bxe5 Bxe5 19. dxe5 Qe6 20. f4 a5 21. a3 Ra7 22. Rab1 axb4 23. axb4 Rea8 24. Bf3 Ra3 25. Bxe4 dxe4 26. Rfc1 Qc4 27. Kf2 Rxc3 28. Qxc3 Ra2+ 29. Kg3 Qe2 30. Rg1 Bc4 31. Rbd1 Bd3 32. Qd4 g5 33.
Kh2 Qf2 34. Ra1 Rxa1 35. Rxa1 gxf4 36. e6 Qg3+ 37. Kh1 Kh7 38. Qe5 1-0

[Event "*** SCC Grand Prix: Titled Tuesday Blitz"]
[Site "Chess.com"]
[Date "2020.10.13"]
[Round "9"]
[White "JoakimVonAnd"]
[Black "glebus008"]
[Result "1-0"]
[WhiteElo "2495"]
[BlackElo "2324"]
[TimeControl "180+1"]
[EndTime "11:44:24 PDT"]
[Termination "JoakimVonAnd won by checkmate"]

1. d4 d5 2. c4 e6 3. Nc3 c6 4. cxd5 exd5 5. Nf3 Bf5 6. Bf4 Bd6 7. Bg3 Nf6 8. e3 Bxg3 9. hxg3 Nbd7 10. Bd3 Bxd3 11.
Qxd3 Qe7 12. Nd2 h6 13. Rb1 O-O 14. Nf3 Ne4 15. Qc2 Nd6 16. g4 Ne4 17. Nxe4 dxe4 18. Nd2 Rae8 19. Nc4 Qe6 20. Qe2 b5 21. Nd2 Qxa2 22. g5 hxg5 23. Qh5 f6 24. Ke2 Qe6 25. Ra1 Ra8 26. Qg6 Qe8 27. Qh7+ Kf7 28. Nxe4 Qe7 29. Qh5+ Kg8 30. Qg6 Rfe8 31. Rh7 Qf8 32. Rah1 Qf7 33. Rh8# 1-0

[Event "*** SCC Grand Prix: Titled Tuesday Blitz"]
[Site "Chess.com"]
[Date "2020.10.13"]
[Round "9"]
[White "Tayson_7"]
[Black "penguingm1"]
[Result "1-0"]
[WhiteElo "2636"]
[BlackElo "2836"]
[TimeControl "180+1"]
[EndTime "11:44:25 PDT"]
[Termination "Tayson_7 won by checkmate"]

1. e4 e5 2. Nf3 Nc6 3. Bb5 g6 4. d4 exd4 5. Bg5 Be7 6. Bxe7 Qxe7 7. Bxc6 dxc6 8. Qxd4 Nf6 9. Nc3 Bg4 10. O-O-O Bxf3 11. gxf3 O-O 12. f4 Nh5 13. f5 Rad8 14. Qxa7 b6 15.
Qb7 c5 16. Kb1 Nf6 17. a4 Rd4 18. Rde1 Qe5 19. f4 Qxf4 20. e5 Ng4 21. Rhf1 Qg5 22. e6 gxf5 23. e7 Re8 24. Qxc7 f4 25. h3 Ne3 26.
Rg1 Ng2 27. Qc6 Rd2 28. Qxe8+ Kg7 29. Qf8+ Kg6 30. e8=Q Qf5 31. Qg8+ Kh6 32. Qef8+ Kh5 33. Qfxf7+ Qxf7 34.
Qxf7+ Kh4 35. Rxg2 Rxg2 36. Qxf4+ Kh5 37. Re5+ Kg6 38. Qe4+ Kh6 39. Qxg2 b5 40. Qg5# 1-0

[Event "*** SCC Grand Prix: Titled Tuesday Blitz"]
[Site "Chess.com"]
[Date "2020.10.13"]
[Round "9"]
[White "BursaBBSatranc"]
[Black "Eliwood44"]
[Result "0-1"]
[WhiteElo "2578"]
[BlackElo "2438"]
[TimeControl "180+1"]
[EndTime "11:44:25 PDT"]
[Termination "Eliwood44 won on time"]

1. d4 Nf6 2. Bf4 d5 3. e3 e6 4. Nd2 Bd6 5. Ngf3 O-O 6. Bd3 c5 7. dxc5 Bxc5 8. O-O Nc6 9. c3 Re8 10. e4 e5 11. Bg5 dxe4 12. Nxe4 Be7 13. Qe2 h6 14.
Bh4 Nxe4 15. Qxe4 Bxh4 16. Nxh4 Be6 17. Rad1 Qg5 18. Nf3 Qf4 19. Qh7+ Kf8 20. Be4 Rad8 21. g3 Qf6 22. Nh4 Ke7 23. Bxc6 bxc6 24. Rxd8 Rxd8 25.
Qe4 Bd5 26. Qe3 Kf8 27. f4 Kg8 28. fxe5 Qe6 29. b3 c5 30. Nf5 Ba8 31. Kf2 Qxf5+ 32. Kg1 Qe4 33. Qxe4 Bxe4 34. Rf4 Bb7 35. Rc4 Rd5 36.
Ra4 Rxe5 37. Rxa7 Bf3 38. Kf2 Bg4 39. a4 Re2+ 40. Kf1 Rxh2 41. a5 Rb2 42. Rb7 Be6 43. b4 cxb4 44. cxb4 Ra2 0-1

[Event "*** SCC Grand Prix: Titled Tuesday Blitz"]
[Site "Chess.com"]
[Date "2020.10.13"]
[Round "9"]
[White "KatarinaOstojic"]
[Black "IngOscarArdila"]
[Result "1-0"]
[WhiteElo "2323"]
[BlackElo "2154"]
[TimeControl "180+1"]
[EndTime "11:44:25 PDT"]
[Termination "KatarinaOstojic won on time"]

1. d4 Nf6 2. Nf3 g6 3. Bg5 Bg7 4. Nbd2 d6 5. c3 O-O 6. e4 Nbd7 7. Qc2 e5 8. dxe5 dxe5 9. Be2 c6 10. a4 a5 11. O-O Qc7 12. Nc4 h6 13. Bh4 Re8 14.
Bg3 Nh5 15. Rfe1 Nf4 16. Bf1 g5 17. Rad1 Nf6 18. Nd6 Re7 19. Bc4 N6h5 20. Qb3 Be6 21. Bxe6 fxe6 22. Nc4 Rd8 23. Qb6 Qxb6 24. Nxb6 Ree8 25. Nc4 b5 26. axb5 cxb5 27. Ncxe5 b4 28. cxb4 axb4 29. Nc6 Ne2+ 30. Kf1 Rxd1 31. Rxd1 Nexg3+ 32. hxg3 Bxb2 33. Nxb4 Nf6 34. e5 Ne4 35. Nc6 Ba3 36.
Rd7 Rc8 37. Rd8+ Rxd8 38. Nxd8 Nc5 39. Nd4 1-0

[Event "*** SCC Grand Prix: Titled Tuesday Blitz"]
[Site "Chess.com"]
[Date "2020.10.13"]
[Round "9"]
[White "zurzan"]
[Black "oogee"]
[Result "1-0"]
[WhiteElo "2000"]
[BlackElo "2183"]
[TimeControl "180+1"]
[EndTime "11:44:25 PDT"]
[Termination "zurzan won by resignation"]

1. f4 g6 2. Nf3 Bg7 3. g3 c5 4.
Bg2 Nc6 5. O-O b5 6. d3 Rb8 7.
c3 Nh6 8. e4 O-O 9. Be3 d6 10.
h3 f5 11. Nbd2 b4 12. Rc1 Ba6 13. Qc2 Qa5 14. Nb3 Qa4 15. e5 c4 16. Nbd4 Qxc2 17.
Rxc2 Nxd4 18. Bxd4 cxd3 19. Rd2 Nf7 20. e6 Nd8 21.
Ng5 bxc3 22. bxc3 Bxd4+ 23. cxd4 h6 24. Nf7 Nxe6 25. Nxh6+ Kg7 26. d5 Nc5 27. Ng4 fxg4 28. hxg4 Rb4 29. Re1 Kf7 30. f5 g5 31. Bf3 Rfb8 32.
Kf2 Rb2 33. Ke3 Rxd2 34. Kxd2 Rb2+ 35. Ke3 Rxa2 36. Rh1 Kf6 37. Rh6+ Ke5 38. Rg6 Re2+ 39. Bxe2 dxe2 40. Kd2 Ke4 41. Rg7 Nb3+ 42. Ke1 Nd4 43. Rxe7+ Kf3 44. f6 Nc2+ 45. Kd2 e1=Q+ 46. Rxe1 Nxe1 47.
f7 Ng2 48. f8=Q+ Kxg3 49. Qxd6+ Kxg4 50. Qxa6 Nf4 51. d6 Ne6 1-0

[Event "*** SCC Grand Prix: Titled Tuesday Blitz"]
[Site "Chess.com"]
[Date "2020.10.13"]
[Round "9"]
[White "Kavyev_Ruslan"]
[Black "Unknown_IM"]
[Result "1-0"]
[WhiteElo "2568"]
[BlackElo "2381"]
[TimeControl "180+1"]
[EndTime "11:44:26 PDT"]
[Termination "Kavyev_Ruslan won by resignation"]

1. d4 d5 2. c4 e6 3. Nf3 c6 4. g3 dxc4 5. Bg2 b5 6. Ne5 Bb7 7.
Nc3 Qc8 8. b3 cxb3 9. axb3 a6 10. O-O Nf6 11. Bg5 Be7 12. Bxf6 Bxf6 13. Ne4 Be7 14. Qc2 O-O 15. Rfc1 Rd8 16. e3 f6 17. Nd3 Nd7 18. b4 e5 19. dxe5 Nxe5 20. Nxe5 fxe5 21.
Nc5 Bxc5 22. Qxc5 Qe6 23. Rd1 e4 24. Rd4 Rd5 25. Qb6 Rxd4 26. Qxd4 c5 27. Qxc5 Rc8 28. Qd4 h6 29. Rd1 Rc4 30. Qd8+ Kh7 31. h4 Rxb4 32. Rd7 Bc6 33. Rd6 Qe8 34. Qc7 Rc4 35. Rxc6 Rxc6 36.
Qf4 Re6 37. Qf5+ g6 38. Qc5 Qe7 39. Qc8 b4 40. Bf1 a5 41. Bc4 Qe8 42. Qxe6 Qxe6 43. Bxe6 a4 44. Bd7 a3 45. Be6 Kg7 46. Kf1 Kf6 47. Bb3 Ke5 48. Ke2 Kd6 49. Kd2 Kc5 50.
Kc2 g5 51. hxg5 hxg5 52. Be6 Kd6 53. Bg8 Kc6 54. Kb3 Kb5 55. Bd5 Kc5 56. Bxe4 a2 57.
Kxa2 Kc4 58. Kb2 b3 59. Bf5 Kd5 60. Kxb3 Ke5 61. g4 1-0

[Event "*** SCC Grand Prix: Titled Tuesday Blitz"]
[Site "Chess.com"]
[Date "2020.10.13"]
[Round "9"]
[White "Barmen_EV"]
[Black "dosto07"]
[Result "1-0"]
[WhiteElo "2498"]
[BlackElo "2341"]
[TimeControl "180+1"]
[EndTime "11:44:26 PDT"]
[Termination "Barmen_EV won on time"]

1. d4 d5 2. c4 dxc4 3. e3 Nf6 4. Bxc4 e6 5. Nf3 c5 6. O-O a6 7. Qe2 Nc6 8. Rd1 Be7 9. Nc3 Qc7 10. d5 exd5 11.
Nxd5 Nxd5 12. Bxd5 O-O 13. e4 Bg4 14. Be3 Nb4 15.
h3 Nxd5 16. exd5 Bf5 17. Rac1 Bd6 18. b4 b6 19. bxc5 bxc5 20. Nd2 Rfe8 21. Nc4 Bf4 22. d6 Qc6 23. Qd2 Bxe3 24. Nxe3 Be6 25. Qa5 Red8 26.
Rxc5 Qe4 27. Re5 Qg6 28. f4 Qg3 29. Qc3 Bxh3 30. Rg5 Qxg5 31. fxg5 Be6 32. Nd5 Rac8 33. Ne7+ Kf8 34. Nxc8 Rxc8 35. d7 1-0

[Event "*** SCC Grand Prix: Titled Tuesday Blitz"]
[Site "Chess.com"]
[Date "2020.10.13"]
[Round "9"]
[White "Tooweak2slow03"]
[Black "Yashasd1995"]
[Result "1-0"]
[WhiteElo "2776"]
[BlackElo "2607"]
[TimeControl "180+1"]
[EndTime "11:44:29 PDT"]
[Termination "Tooweak2slow03 won on time"]

1. e4 d5 2. exd5 Nf6 3. Nc3 Nxd5 4. Bc4 Nb6 5. Bb3 Nc6 6. d3 Bf5 7. Nge2 e6 8. f3 Na5 9. Be3 Bd6 10. h4 h6 11. g4 Bh7 12. Qd2 Qd7 13. g5 h5 14.
O-O-O Nxb3+ 15. axb3 Bf5 16. Bf4 a5 17. Bxd6 Qxd6 18.
Qe3 a4 19. bxa4 Nxa4 20. Nb5 Qd7 21. Nbd4 O-O 22. Ng3 Bg6 23. Ne4 c5 24. Ne2 Rfc8 25. Nf4 Nb6 26. b3 Nd5 27. Qd2 Nxf4 28. Qxf4 Qd4 29.
c3 Qd5 30. Kb2 b5 31. Qd6 Bxe4 32. dxe4 Qxd6 33. Rxd6 Ra5 34. Ra1 Rxa1 35. Kxa1 b4 36. Kb2 g6 37. Rb6 bxc3+ 38. Kxc3 Kf8 39. Rb7 Rd8 40.
Rc7 Rd1 41. Rxc5 Rf1 42. b4 Rxf3+ 43. Kd4 Rf4 44. b5 Rxh4 45. b6 Rh1 46. Rb5 Rd1+ 47. Ke5 Rd8 48. b7 Rb8 49. Kd6 h4 50. Kc7 Rxb7+ 51. Kxb7 Ke7 52. Rb4 e5 53. Kc6 f6 54.
gxf6+ Kxf6 55. Kd5 h3 56. Rb3 1-0

[Event "*** SCC Grand Prix: Titled Tuesday Blitz"]
[Site "Chess.com"]
[Date "2020.10.13"]
[Round "9"]
[White "witcher8"]
[Black "Sacbutt"]
[Result "1-0"]
[WhiteElo "2429"]
[BlackElo "2294"]
[TimeControl "180+1"]
[EndTime "11:44:29 PDT"]
[Termination "witcher8 won on time"]

1. e4 b6 2. d4 Bb7 3. Nc3 e6 4. f3 Bb4 5. Ne2 Nf6 6. a3 Bxc3+ 7.
Nxc3 O-O 8. Be3 d6 9. Be2 Nbd7 10. O-O c5 11. Qd2 Rc8 12. Rad1 cxd4 13. Qxd4 d5 14. Bg5 e5 15. Qa4 d4 16. Nd5 Bxd5 17.
exd5 Qc7 18. c4 h6 19. Bd2 a5 20. b4 axb4 21. axb4 Ra8 22. Qb3 b5 23. c5 Rfb8 24.
Ra1 Rxa1 25. Rxa1 e4 26. fxe4 Nxe4 27. Be1 Ndf6 28. Bf3 Qf4 29. Qd3 Qf5 30. Qxd4 Ng5 31. Be2 Qxd5 32. Qxd5 Nxd5 33. Bg3 Rc8 34. Rb1 1-0

[Event "*** SCC Grand Prix: Titled Tuesday Blitz"]
[Site "Chess.com"]
[Date "2020.10.13"]
[Round "9"]
[White "dretch"]
[Black "WildBizon"]
[Result "0-1"]
[WhiteElo "2815"]
[BlackElo "2667"]
[TimeControl "180+1"]
[EndTime "11:44:30 PDT"]
[Termination "WildBizon won on time"]

1. d4 Nf6 2. c4 g6 3. Nc3 d5 4. e3 Bg7 5. Qb3 c6 6. Nf3 O-O 7. cxd5 cxd5 8. Be2 Nc6 9. O-O Na5 10.
Qa3 Bf5 11. Ne5 Rc8 12. Bd2 a6 13. Nxd5 Qxd5 14. Bxa5 Ne4 15. Nd3 Nd6 16. Nf4 Qc6 17. Bb4 Rfd8 18. h3 e5 19. Bf3 Be4 20. Bxd6 Bxf3 21.
dxe5 Be4 22. f3 Bc2 23. Rac1 Qb5 24. e4 Bxe5 25. Bxe5 Qxe5 26. Nd5 Qd4+ 27. Kh1 Kg7 28. Qe3 Rxd5 29. Qe2 Rdc5 30. Rfe1 Bd3 31. Qd2 Rc2 32. Rxc2 Rxc2 33. Qg5 Qxb2 0-1